 Dungeon Crawl Stone Soup version 0.30-a0-862-g1aabd4f9c5 (webtiles) character file.

Game seed: 16107006452398758571

234 Maxmaps the Ducker (level 6, -6/53 HPs)
             Began as a Gnoll Monk on Mar 10, 2023.
             Mangled by Blork the orc
             ... wielding a +0 trident
              (12 damage)
             ... on level 4 of the Dungeon.
             The game lasted 00:02:00 (3062 turns).

Maxmaps the Ducker (Gnoll Monk)                     Turns: 3062, Time: 00:02:01

Health: -6/53      AC:  7    Str: 10    XL:     6   Next: 5%
Magic:  8/8        EV: 10    Int: 12    God:
Gold:   146        SH:  0    Dex: 14    Spells: 8/8 levels left

rFire   . . .      SeeInvis +    k - +2 short sword (elec)
rCold   . . .      Faith    .    (no shield)
rNeg    . . .      Spirit   .    m - +0 scale mail
rPois   .          Reflect  .    (no helmet)
rElec   .          Rampage  .    (no cloak)
rCorr   .                        f - +0 pair of gloves
Will    .....                    (no boots)
Stlth   +                        (no amulet)
HPRegen 0.28/turn                l - ring of see invisible
MPRegen 0.11/turn                n - ring of flight

@: flying
A: fangs 1, strong nose, distributed training
a: no special abilities


You were on level 4 of the Dungeon.
You visited 1 branch of the dungeon, and saw 4 of its levels.

You collected 146 gold pieces.

Inventory:

Hand Weapons
 k - a +2 short sword of electrocution (weapon)
Missiles
 x - a throwing net (quivered)
Armour
 f - a +0 pair of gloves (worn)
 m - a +0 scale mail (worn)
Jewellery
 l - a ring of see invisible (left hand)
 n - a ring of flight (right hand)
 q - an amulet of the acrobat
Wands
 t - a wand of roots (7)
Scrolls
 a - 4 scrolls of enchant weapon {unknown}
 b - 3 scrolls of teleportation {unknown}
 d - 2 scrolls of amnesia {unknown}
 e - 7 scrolls of identify {unknown}
 g - 2 scrolls of magic mapping {unknown}
 h - 2 scrolls of fog {unknown}
 v - a scroll of brand weapon {unknown}
 w - a scroll of fear {unknown}
Potions
 c - a potion of ambrosia
 i - 3 potions of curing {unknown}
 j - a potion of degeneration {unknown}
 o - a potion of berserk rage {unknown}
 p - 2 potions of heal wounds {unknown}
 r - a potion of brilliance {unknown}
 s - 2 potions of haste {unknown}
 u - a potion of lignification {unknown}


   Skills:
 + Level 6.8 Fighting
 + Level 1.8 Short Blades
 + Level 6.8 Long Blades
 + Level 1.8 Axes
 + Level 1.8 Maces & Flails
 + Level 1.8 Polearms
 + Level 1.8 Staves
 + Level 1.8 Ranged Weapons
 + Level 1.8 Throwing
 + Level 1.8 Armour
 + Level 6.8 Dodging
 + Level 4.5 Stealth
 + Level 1.8 Shields
 + Level 1.8 Unarmed Combat
 + Level 1.8 Spellcasting
 + Level 1.4 Conjurations
 + Level 1.4 Hexes
 + Level 1.4 Summonings
 + Level 1.4 Necromancy
 + Level 1.4 Translocations
 + Level 1.4 Transmutations
 + Level 1.4 Fire Magic
 + Level 1.4 Ice Magic
 + Level 1.4 Air Magic
 + Level 1.4 Earth Magic
 + Level 1.4 Poison Magic
 + Level 2.0 Invocations
 + Level 1.8 Evocations


You had 8 spell levels left.
You didn't know any spells.
Your spell library contained the following spells:

 Spells                   Type           Power      Damage    Failure   Level
 Ozocubu's Armour         Ice            4%         N/A       97%         3
 Metabolic Englaciation   Hex/Ice        2%         N/A       100%        5
 Simulacrum               Ice/Necr       2%         N/A       100%        6
 Chain Lightning          Conj/Air       2%         3d2       100%        9
 Fire Storm               Conj/Fire      2%         8d1       100%        9
 Shatter                  Erth           2%         3d6*      100%        9


Dungeon Overview and Level Annotations

Branches:
Dungeon (4/15)
 Temple: D:4-7

Altars:
Dithmenos

Annotations:
D:4 Blork the orc


Innate Abilities, Weirdness & Mutations

You have very sharp teeth.
Your uncanny sense of smell can sniff out nearby items.
Your experience applies equally to all skills.


Message History

Blork the orc is severely wounded.
Blork the orc hits you with a +0 trident!
Blork the orc hits you with a +0 trident.
* * * LOW HITPOINT WARNING * * *
You are too injured to fight recklessly!
You are too injured to fight recklessly!
You are too injured to fight recklessly!
You are too injured to fight recklessly!
You are too injured to fight recklessly!
You are too injured to fight recklessly!
You are too injured to fight recklessly!
You are too injured to fight recklessly!
You are too injured to fight recklessly!
You are too injured to fight recklessly!
You are too injured to fight recklessly!
You are too injured to fight recklessly!
You are too injured to fight recklessly!
You are too injured to fight recklessly!
You are too injured to fight recklessly!
You are too injured to fight recklessly!
Unknown command.
You completely miss Blork the orc.
Blork the orc is severely wounded.
Blork the orc misses you.
You hit Blork the orc but do no damage.
Blork the orc is severely wounded.
Blork the orc hits you with a +0 trident.
* * * LOW HITPOINT WARNING * * *
Blork the orc barely misses you.
You barely miss Blork the orc. Your punch misses Blork the orc.
Blork the orc is severely wounded.
Blork the orc hits you but does no damage.
You hit Blork the orc but do no damage.
Blork the orc is severely wounded.
Blork the orc hits you with a +0 trident.
* * * LOW HITPOINT WARNING * * *
You hit Blork the orc.
Blork the orc is almost dead.
Blork the orc hits you with a +0 trident!
You die...

##### .# #
#....### .## ##
#......##.. .#
#.......#. # .#
#........#.#
..#
#....<..#.#####
..#
#..o.........
..# #@..###.###
# ..#
###.#.....#.#
..# #.#.....#.#
..# #.....>...#
..# #.#.....#.
##.#.....# #
#..###.###..#
#....).....(# #
#..#.##.....#


You could see Blork the orc (fast, strong).

Vanquished Creatures
  A phantom (D:4)
  An orc priest (D:4)
  6 adders
  4 worms
  A dart slug (D:1)
  8 orcs
  6 ball pythons
  7 endoplasms
  4 hobgoblins
  5 jackals
  6 kobolds
  A quokka (D:1)
  A bat (D:1)
  A frilled lizard (D:2)
  6 goblins
  3 rats
61 creatures vanquished.

Notes
Turn   | Place    | Note
-------+----------+-------------------------------------------
     0 | D:1      | Maxmaps the Gnoll Monk began the quest for the Orb.
     0 | D:1      | Reached XP level 1. HP: 23/23 MP: 1/1
    30 | D:1      | Found a faded altar of an unknown god.
   140 | D:1      | Reached XP level 2. HP: 29/29 MP: 2/2
   980 | D:2      | Reached XP level 3. HP: 31/35 MP: 2/4
   987 | D:2      | Reached skill level 1 in Invocations
  1159 | D:2      | Reached skill level 1 in Short Blades
  1159 | D:2      | Reached skill level 1 in Axes
  1159 | D:2      | Reached skill level 1 in Maces & Flails
  1159 | D:2      | Reached skill level 1 in Polearms
  1159 | D:2      | Reached skill level 1 in Staves
  1159 | D:2      | Reached skill level 1 in Ranged Weapons
  1159 | D:2      | Reached skill level 1 in Throwing
  1159 | D:2      | Reached skill level 1 in Armour
  1159 | D:2      | Reached skill level 1 in Shields
  1159 | D:2      | Reached skill level 1 in Unarmed Combat
  1159 | D:2      | Reached skill level 1 in Spellcasting
  1159 | D:2      | Reached skill level 1 in Evocations
  1453 | D:2      | Reached XP level 4. HP: 41/41 MP: 5/5
  2093 | D:3      | Reached skill level 1 in Conjurations
  2093 | D:3      | Reached skill level 1 in Hexes
  2093 | D:3      | Reached skill level 1 in Summonings
  2093 | D:3      | Reached skill level 1 in Necromancy
  2093 | D:3      | Reached skill level 1 in Translocations
  2093 | D:3      | Reached skill level 1 in Transmutations
  2093 | D:3      | Reached skill level 1 in Fire Magic
  2093 | D:3      | Reached skill level 1 in Ice Magic
  2093 | D:3      | Reached skill level 1 in Air Magic
  2093 | D:3      | Reached skill level 1 in Earth Magic
  2093 | D:3      | Reached skill level 1 in Poison Magic
  2571 | D:4      | Reached XP level 5. HP: 44/47 MP: 5/7
  2721 | D:4      | Noticed a phantom
  2737 | D:4      | Killed a phantom
  2766 | D:4      | Found a shadowy altar of Dithmenos.
  2904 | D:4      | Reached XP level 6. HP: 53/53 MP: 8/8
  3045 | D:4      | Noticed Blork the orc
  3062 | D:4      | Mangled by Blork the orc

Illustrated notes

Levels and vault maps discovered:
D:1:      tekkud_arrival_beachfront_property, layout_basic,
          basic_ecumenical_altar
D:2:      layout_loops_corners, minmay_surrounded
D:3:      layout_basic
D:4:      layout_cave_pods, nicolae_dithmenos_through_a_glass_darkly,
          st_stairs_3, minmay_statues_item, uniq_blork_the_orc

Skill      XL: |  1  2  3  4  5 |
---------------+----------------+-----
Invocations    | 1 2 |  2.0
Short Blades   | 1 |  1.8
Axes           | 1 |  1.8
Maces & Flails | 1 |  1.8
Polearms       | 1 |  1.8
Staves         | 1 |  1.8
Ranged Weapons | 1 |  1.8
Throwing       | 1 |  1.8
Armour         | 1 |  1.8
Shields        | 1 |  1.8
Unarmed Combat | 1 |  1.8
Spellcasting   | 1 |  1.8
Evocations     | 1 |  1.8
Conjurations   | 1 |  1.4
Hexes          | 1 |  1.4
Summonings     | 1 |  1.4
Necromancy     | 1 |  1.4
Translocations | 1 |  1.4
Transmutations | 1 |  1.4
Fire Magic     | 1 |  1.4
Ice Magic      | 1 |  1.4
Air Magic      | 1 |  1.4
Earth Magic    | 1 |  1.4
Poison Magic   | 1 |  1.4
Fighting       | |  6.8
Long Blades    | |  6.8
Dodging        | |  6.8
Stealth        | |  4.5

Action                     |  1- 3 |  4- 6 || total
---------------------------+-------+-------++-------
  Melee: Falchion          |    34 |       ||    34
         Bite              |     4 |     9 ||    13
         Punch             |     1 |     3 ||     4
         Short sword       |    37 |   122 ||   159
   Stab: Sleeping          |     1 |     1 ||     2
 Armour: Ring mail         |     5 |       ||     5
         Robe              |     2 |       ||     2
         Scale mail        |    15 |    30 ||    45
  Dodge: Dodged            |    43 |    43 ||    86

Table legend: (Time is in decaauts)
 A = Elapsed time spent in this place.
 B = Non-inter-level travel time spent in this place.
 C = Inter-level travel time spent in this place.
 D = Time resting spent in this place.
 E = Time spent auto-exploring this place.
 F = Levels seen in this place.
 G = Mean time per level.
                   A        B        C        D        E       F      G
               +--------+--------+--------+--------+--------+-----+--------+
         Total |   3049 |   2971 |     78 |     64 |   2432 |   4 |  762.2 |
       Dungeon |   3049 |   2971 |     78 |     64 |   2432 |   4 |  762.2 |
               +--------+--------+--------+--------+--------+-----+--------+

Top non-repeatable levels by time:
     D:2: 1012 daAuts
     D:1: 784 daAuts
     D:3: 688 daAuts
     D:4: 564 daAuts
